3A
WALLA WALLA WALLEYE @ ATHLETIC CLUB KC U-24
05/17/2042
 
TOP OF THE 1ST
Walla Walla Walleye batting - Pitching for Athletic Club KC U-24 : RHP Rodney Johnson
Pitching: RHP Rodney Johnson
Batting: RHB Carlton Martin 0-0: Foul Ball, location: 2F
0-1: Ball
1-1: Ball
2-1: Ball
3-1: Base on Balls
Batting: RHB Martin Mullinger 0-0: Called Strike
0-1: Ball
1-1: Ball
2-1: SINGLE (Groundball, 56S, EV 65.6 MPH) (infield hit)
Carlton Martin to second
Batting: LHB Derrek Guthrie 0-0: Ball
1-0: Called Strike
1-1: Ball
2-1: Called Strike
2-2: Ball
3-2: Strikes out swinging
Batting: RHB Alberto Zúñiga 0-0: Ball
1-0: Swinging Strike
1-1: Ball
2-1: Foul Ball, location: 2F
2-2: Foul Ball, location: 2F
2-2: Ball
3-2: Base on Balls
Carlton Martin to third
Martin Mullinger to second
Batting: LHB Benjamin Bays 0-0: SINGLE (Line Drive, 6D, EV 101.2 MPH)
Carlton Martin scores
Martin Mullinger to third
Alberto Zúñiga to second
Runner from 3rd tries for Home, SAFE, no throw by CF
Batting: SHB Víctor Pagueros 0-0: Ball
1-0: Ball
2-0: SINGLE (Flyball, 78M, EV 98.1 MPH)
Alberto Zúñiga to third
Benjamin Bays to second
Batting: RHB Roy Berriman 0-0: Ball
1-0: Called Strike
1-1: Hit by Pitch
Alberto Zúñiga scores
Benjamin Bays to third
Víctor Pagueros to second
Batting: RHB Jorge Pedroso 0-0: Ball
1-0: Ball
2-0: Called Strike
2-1: Ball
3-1: Foul Ball, location: 2F
3-2: Base on Balls
Benjamin Bays scores
Víctor Pagueros to third
Roy Berriman to second
Batting: RHB Bret Taylor 0-0: Called Strike
0-1: Ball
Wild Pitch!
Víctor Pagueros scores
Roy Berriman to third
Jorge Pedroso to second
1-1: Foul Ball, location: 2F
1-2: Ball
2-2: SINGLE (Groundball, 5D, EV 97.5 MPH)
Roy Berriman scores
Jorge Pedroso to third
Pitching: RHP Yun-tae Yi
Batting: RHB Carlton Martin 0-0: Ball
1-0: Called Strike
1-1: Swinging Strike
1-2: Foul Ball, location: 2F
1-2: Foul Ball, location: 2F
1-2: Strikes out swinging
Batting: RHB Martin Mullinger 0-0: Reached on error, E6 (Groundball, 6, EV 90.6 MPH)
Jorge Pedroso scores
Bret Taylor to second
Batting: LHB Derrek Guthrie 0-0: Swinging Strike
0-1: Swinging Strike
0-2: Ball
1-2: Strikes out swinging
Top of the 1st over - 7 runs, 4 hits, 1 error, 2 left on base; Walla Walla 7 - Athletic Club KC 0
BOTTOM OF THE 1ST
Athletic Club KC U-24 batting - Pitching for Walla Walla Walleye : RHP Tom Palanirajan
Pitching: RHP Tom Palanirajan
Batting: RHB David Bosingwa 0-0: Ball
1-0: Ground out 2-3 (Groundball, 13S, EV 64.4 MPH)
Batting: RHB Pedro Píaz 0-0: Called Strike
0-1: Ball
1-1: Ball
2-1: Ball
3-1: Called Strike
3-2: Fly out, F6 (Flyball, 6D, EV 85.6 MPH)
Batting: SHB Osvaldo Ardiles 0-0: SINGLE (Groundball, 4S, EV 66.9 MPH) (infield hit)
Batting: LHB Ramiro Curran 0-0: Swinging Strike
0-1: Called Strike
0-2: Foul Ball, location: 2F
0-2: Foul Ball, location: 2F
0-2: DOUBLE (Line Drive, 89XD, EV 105.6 MPH)
Osvaldo Ardiles to third
Osvaldo Ardiles scores
Batting: LHB Greg Flynn 0-0: Called Strike
0-1: Ball
1-1: Called Strike
1-2: Strikes out swinging
Bottom of the 1st over - 1 run, 2 hits, 0 errors, 1 left on base; Walla Walla 7 - Athletic Club KC 1
TOP OF THE 2ND
Walla Walla Walleye batting - Pitching for Athletic Club KC U-24 : RHP Yun-tae Yi
Batting: RHB Alberto Zúñiga 0-0: Fly out, F8 (Flyball, 8LD, EV 86.2 MPH)
Batting: LHB Benjamin Bays 0-0: Ball
1-0: Called Strike
1-1: Foul Ball, location: 2F
1-2: Foul Ball, location: 2F
1-2: Foul Ball, location: 2F
1-2: Strikes out swinging
Batting: SHB Víctor Pagueros 0-0: Called Strike
0-1: Called Strike
0-2: Strikes out looking
Top of the 2nd over - 0 runs, 0 hits, 0 errors, 0 left on base; Walla Walla 7 - Athletic Club KC 1
BOTTOM OF THE 2ND
Athletic Club KC U-24 batting - Pitching for Walla Walla Walleye : RHP Tom Palanirajan
Batting: SHB Francisco Rojas 0-0: Ball
1-0: Foul Ball, location: 2F
1-1: Ball
2-1: Called Strike
2-2: Strikes out swinging
Batting: LHB Derek Robinson 0-0: Ball
1-0: Foul Ball, location: 2F
1-1: Ball
2-1: Hit by Pitch
Batting: RHB Sam Jones 0-0: Called Strike
0-1: SINGLE (Groundball, 56D, EV 108.8 MPH)
Derek Robinson to second
Batting: RHB James Allingham 0-0: Called Strike
0-1: Ball
1-1: Ball
2-1: Fly out, F2 (Popup, 3SF, EV 89.4 MPH)
Batting: RHB David Bosingwa 0-0: Ball
1-0: Ball
2-0: Fielders Choice at 2nd, 5-4 (Groundball, 56, EV 94.4 MPH)
Bottom of the 2nd over - 0 runs, 1 hit, 0 errors, 2 left on base; Walla Walla 7 - Athletic Club KC 1
TOP OF THE 3RD
Walla Walla Walleye batting - Pitching for Athletic Club KC U-24 : RHP Yun-tae Yi
Batting: RHB Roy Berriman 0-0: SINGLE (Groundball, 56D, EV 107.5 MPH)
Batting: RHB Jorge Pedroso 0-0: SINGLE (Flyball, 89S, EV 88.1 MPH)
Roy Berriman to second
Batting: RHB Bret Taylor 0-0: Ball
1-0: Called Strike
1-1: Ball
2-1: Foul Ball, location: 2F
2-2: Strikes out swinging
Batting: RHB Carlton Martin 0-0: Ball
1-0: Ball
2-0: Ball
3-0: Base on Balls
Roy Berriman to third
Jorge Pedroso to second
Batting: RHB Martin Mullinger 0-0: Ball
1-0: Fly out, F5 (Popup, 5SF, EV 84.4 MPH)
Batting: LHB Derrek Guthrie 0-0: Ball
1-0: Swinging Strike
1-1: Ball
2-1: Foul Ball, location: 2F
2-2: Strikes out looking
Top of the 3rd over - 0 runs, 2 hits, 0 errors, 3 left on base; Walla Walla 7 - Athletic Club KC 1
BOTTOM OF THE 3RD
Athletic Club KC U-24 batting - Pitching for Walla Walla Walleye : RHP Tom Palanirajan
Batting: RHB Pedro Píaz 0-0: Called Strike
0-1: Ball
1-1: Ground out 1-3 (Groundball, 25, EV 84.4 MPH)
Batting: SHB Osvaldo Ardiles 0-0: Ground out 6-3 (Groundball, 6M, EV 81.9 MPH)
Batting: LHB Ramiro Curran 0-0: Called Strike
0-1: Foul Ball, location: 2F
0-2: Fly out, F7 (Flyball, 7, EV 86.9 MPH)
Bottom of the 3rd over - 0 runs, 0 hits, 0 errors, 0 left on base; Walla Walla 7 - Athletic Club KC 1
TOP OF THE 4TH
Walla Walla Walleye batting - Pitching for Athletic Club KC U-24 : RHP Yun-tae Yi
Batting: RHB Alberto Zúñiga 0-0: Ball
1-0: Foul Ball, location: 2F
1-1: Ground out 6-3 (Groundball, 56, EV 91.9 MPH)
Batting: LHB Benjamin Bays 0-0: Foul Ball, location: 2F
0-1: Foul Ball, location: 2F
0-2: Ball
1-2: Ball
2-2: Ground out 4-3 (Groundball, 4, EV 85.6 MPH)
Batting: SHB Víctor Pagueros 0-0: Ball
1-0: Fly out, F7 (Flyball, 7LS, EV 91.2 MPH)
Top of the 4th over - 0 runs, 0 hits, 0 errors, 0 left on base; Walla Walla 7 - Athletic Club KC 1
BOTTOM OF THE 4TH
Athletic Club KC U-24 batting - Pitching for Walla Walla Walleye : RHP Tom Palanirajan
Batting: LHB Greg Flynn 0-0: Called Strike
0-1: Swinging Strike
0-2: Ball
1-2: Ball
2-2: Strikes out swinging
Batting: SHB Francisco Rojas 0-0: Ball
1-0: Fly out, F9 (Line Drive, 9, EV 107.5 MPH)
Batting: LHB Derek Robinson 0-0: Called Strike
0-1: Foul Ball, location: 2F
0-2: Ball
1-2: Foul Ball, location: 2F
1-2: Foul Ball, location: 2F
1-2: Ground out 4-3 (Groundball, 34, EV 105.0 MPH)
Bottom of the 4th over - 0 runs, 0 hits, 0 errors, 0 left on base; Walla Walla 7 - Athletic Club KC 1
TOP OF THE 5TH
Walla Walla Walleye batting - Pitching for Athletic Club KC U-24 : RHP Yun-tae Yi
Batting: RHB Roy Berriman 0-0: Ball
1-0: Swinging Strike
1-1: Swinging Strike
1-2: Ball
2-2: Strikes out looking
Batting: RHB Jorge Pedroso 0-0: Ball
1-0: Called Strike
1-1: Swinging Strike
1-2: Strikes out swinging
Batting: RHB Bret Taylor 0-0: Foul Ball, location: 2F
0-1: Foul Ball, location: 2F
0-2: Ball
1-2: Foul Ball, location: 2F
1-2: Ball
2-2: Ball
3-2: Foul Ball, location: 2F
3-2: Foul Ball, location: 2F
3-2: Base on Balls
Batting: RHB Carlton Martin 0-0: Called Strike
0-1: SINGLE (Flyball, 9LS, EV 90.0 MPH)
Bret Taylor to second
Throwing error, E9
Bret Taylor scores
Carlton Martin to second
Batting: RHB Martin Mullinger 0-0: Called Strike
0-1: Foul Ball, location: 2F
0-2: Strikes out swinging
Top of the 5th over - 1 run, 1 hit, 1 error, 1 left on base; Walla Walla 8 - Athletic Club KC 1
BOTTOM OF THE 5TH
Athletic Club KC U-24 batting - Pitching for Walla Walla Walleye : RHP Tom Palanirajan
Batting: RHB Sam Jones 0-0: Ball
1-0: Called Strike
1-1: Foul Ball, location: 2F
1-2: Reached on error, E5 (Groundball, 56, EV 103.8 MPH)
Batting: RHB James Allingham 0-0: Foul Ball, location: 2F
0-1: Ball
1-1: Foul Ball, location: 2F
1-2: Strikes out swinging
Batting: RHB David Bosingwa 0-0: Ground out 6-3 (Groundball, 4MS, EV 83.1 MPH)
Sam Jones to second
Batting: RHB Pedro Píaz 0-0: Ball
1-0: Ball
2-0: Foul Ball, location: 2F
2-1: SINGLE (Groundball, 5L, EV 100.0 MPH)
Sam Jones to third
Runner from 3rd tries for Home, SAFE, no throw by LF
Batting: SHB Osvaldo Ardiles 0-0: Ground out 4-3 (Groundball, 4MS, EV 79.4 MPH)
Bottom of the 5th over - 1 run, 1 hit, 1 error, 1 left on base; Walla Walla 8 - Athletic Club KC 2
TOP OF THE 6TH
Walla Walla Walleye batting - Pitching for Athletic Club KC U-24 : RHP Yun-tae Yi
Pitching: LHP Dave Williams
Batting: LHB Derrek Guthrie 0-0: Ground out 4-3 (Groundball, 4, EV 88.1 MPH)
Batting: RHB Alberto Zúñiga 0-0: Called Strike
0-1: Ball
1-1: Foul Ball, location: 2F
1-2: Ball
2-2: Ball
3-2: Foul Ball, location: 2F
3-2: Strikes out looking
Batting: LHB Benjamin Bays 0-0: Ball
1-0: Ball
2-0: Foul Ball, location: 2F
2-1: Fly out, F6 (Popup, 6, EV 65.6 MPH)
Top of the 6th over - 0 runs, 0 hits, 0 errors, 0 left on base; Walla Walla 8 - Athletic Club KC 2
BOTTOM OF THE 6TH
Athletic Club KC U-24 batting - Pitching for Walla Walla Walleye : RHP Tom Palanirajan
Batting: LHB Ramiro Curran 0-0: Ball
1-0: Ball
2-0: Called Strike
2-1: Foul Ball, location: 2F
2-2: Strikes out swinging
Batting: LHB Greg Flynn 0-0: Ball
1-0: Ball
2-0: Ball
3-0: Called Strike
3-1: Swinging Strike
3-2: Strikes out swinging
Batting: SHB Francisco Rojas 0-0: SINGLE (Groundball, 4, EV 91.2 MPH) (infield hit)
Batting: LHB Derek Robinson 0-0: Called Strike
0-1: Foul Ball, location: 2F
0-2: Ball
1-2: Foul Ball, location: 2F
1-2: Strikes out swinging
Bottom of the 6th over - 0 runs, 1 hit, 0 errors, 1 left on base; Walla Walla 8 - Athletic Club KC 2
TOP OF THE 7TH
Walla Walla Walleye batting - Pitching for Athletic Club KC U-24 : LHP Dave Williams
Batting: SHB Víctor Pagueros 0-0: Ball
1-0: Fly out, F7 (Flyball, 7S, EV 84.4 MPH)
Batting: RHB Roy Berriman 0-0: Ball
1-0: Ball
2-0: Foul Ball, location: 2F
2-1: Ball
3-1: DOUBLE (Flyball, 78XD, EV 106.2 MPH)
Batting: RHB Jorge Pedroso 0-0: Ball
1-0: Ball
2-0: Ball
3-0: Base on Balls
Batting: RHB Bret Taylor 0-0: Called Strike
0-1: Foul Ball, location: 2F
0-2: Fielders Choice at 2nd, 5-4 (Groundball, 56S, EV 82.5 MPH)
Roy Berriman to third
Batting: RHB Carlton Martin 0-0: Ball
1-0: Ball
2-0: Ball
3-0: Base on Balls
Bret Taylor to second
Batting: RHB Martin Mullinger 0-0: Called Strike
0-1: Swinging Strike
0-2: Strikes out swinging
Top of the 7th over - 0 runs, 1 hit, 0 errors, 3 left on base; Walla Walla 8 - Athletic Club KC 2
BOTTOM OF THE 7TH
Athletic Club KC U-24 batting - Pitching for Walla Walla Walleye : RHP Tom Palanirajan
Batting: RHB Sam Jones 0-0: Swinging Strike
0-1: Ball
1-1: Called Strike
1-2: Strikes out looking
Pitching: LHP Steve Smith
Batting: RHB James Allingham 0-0: Called Strike
0-1: Called Strike
0-2: Strikes out swinging
Batting: RHB David Bosingwa 0-0: Swinging Strike
0-1: Foul Ball, location: 2F
0-2: Strikes out swinging
Bottom of the 7th over - 0 runs, 0 hits, 0 errors, 0 left on base; Walla Walla 8 - Athletic Club KC 2
TOP OF THE 8TH
Walla Walla Walleye batting - Pitching for Athletic Club KC U-24 : LHP Dave Williams
Batting: LHB Derrek Guthrie 0-0: Ball
1-0: Ball
2-0: Foul Ball, location: 2F
2-1: Swinging Strike
2-2: Ground out 4-3 (Groundball, 4, EV 78.1 MPH)
Batting: RHB Alberto Zúñiga 0-0: Swinging Strike
0-1: Swinging Strike
0-2: Ball
1-2: Ball
2-2: Foul Ball, location: 2F
2-2: Ball
3-2: Foul Ball, location: 2F
3-2: Fly out, F6 (Popup, 6MS, EV 76.2 MPH)
Batting: LHB Benjamin Bays 0-0: Called Strike
0-1: Ball
1-1: Reached via error on a dropped throw from 2B, E3 (Groundball, 4M, EV 98.1 MPH)
Batting: SHB Víctor Pagueros 0-0: Ball
1-0: SINGLE (Groundball, 5D, EV 101.2 MPH)
Benjamin Bays to second
Batting: RHB Roy Berriman 0-0: Foul Ball, location: 2F
0-1: SINGLE (Line Drive, 89M, EV 103.1 MPH)
Benjamin Bays to third
Víctor Pagueros to second
Runner from 3rd tries for Home, SAFE, no throw by RF
Batting: RHB Jorge Pedroso 0-0: Ball
1-0: Swinging Strike
1-1: Ball
2-1: Foul Ball, location: 2F
2-2: Strikes out swinging
Top of the 8th over - 1 run, 2 hits, 1 error, 2 left on base; Walla Walla 9 - Athletic Club KC 2
BOTTOM OF THE 8TH
Athletic Club KC U-24 batting - Pitching for Walla Walla Walleye : LHP Steve Smith
Batting: RHB Pedro Píaz 0-0: Ball
1-0: Called Strike
1-1: Ball
2-1: Ball
3-1: Foul Ball, location: 2F
3-2: Foul Ball, location: 2F
3-2: Base on Balls
Pinch Hitting: RHB Vincente González 0-0: Ball
1-0: Called Strike
1-1: Ball
2-1: Fielders Choice at 2nd, 4-6 (Groundball, 4, EV 101.9 MPH)
Pinch Hitting: SHB Gregg Holmes 0-0: Called Strike
0-1: Ball
1-1: Ball
2-1: Foul Ball, location: 2F
2-2: Fly out, F9 (Flyball, 9S, EV 81.2 MPH)
Batting: LHB Greg Flynn 0-0: Ball
1-0: Called Strike
1-1: Ball
2-1: Ground out 1-3 (Groundball, 25, EV 82.5 MPH)
Bottom of the 8th over - 0 runs, 0 hits, 0 errors, 1 left on base; Walla Walla 9 - Athletic Club KC 2
TOP OF THE 9TH
Walla Walla Walleye batting - Pitching for Athletic Club KC U-24 : LHP Dave Williams
Pitching: RHP Jeffrey Strickland
Now in CF: Vincente González
Now in RF: Benedito Ahulani
Batting: RHB Bret Taylor 0-0: Called Strike
0-1: Ball
1-1: Ball
2-1: Foul Ball, location: 2F
2-2: Ball
3-2: Base on Balls
Batting: RHB Carlton Martin 0-0: Ball
1-0: Hit by Pitch
Bret Taylor to second
Pinch Hitting: RHB Jason Kelly 0-0: Called Strike
0-1: Fly out, F9 (Flyball, 9S, EV 96.9 MPH)
Pinch Hitting: LHB Armando Martínez 0-0: Ball
1-0: Foul Ball, location: 2F
1-1: Ball
2-1: Ball
3-1: Base on Balls
Bret Taylor to third
Carlton Martin to second
Batting: RHB Alberto Zúñiga 0-0: Swinging Strike
0-1: Swinging Strike
0-2: Foul Ball, location: 2F
0-2: Ball
1-2: Strikes out swinging
Batting: LHB Benjamin Bays 0-0: SINGLE (Line Drive, 8RS, EV 103.1 MPH)
Bret Taylor scores
Carlton Martin to third
Armando Martínez to second
Runner from 3rd tries for Home, SAFE, no throw by CF
Batting: SHB Víctor Pagueros 0-0: Called Strike
0-1: Ball
1-1: Ground out 5-3 (Groundball, 56S, EV 95.0 MPH)
Top of the 9th over - 2 runs, 1 hit, 0 errors, 2 left on base; Walla Walla 11 - Athletic Club KC 2
BOTTOM OF THE 9TH
Athletic Club KC U-24 batting - Pitching for Walla Walla Walleye : LHP Steve Smith
Now in LF: Raúl Galindo
Now in RF: Jason Kelly
Batting: SHB Francisco Rojas 0-0: Ball
1-0: Ground out 5-3 (Groundball, 5, EV 103.8 MPH)
Pinch Hitting: RHB Will White 0-0: Ball
1-0: DOUBLE (Flyball, 8RXD, EV 90.6 MPH)
Batting: RHB Sam Jones 0-0: Ball
1-0: Ball
2-0: Ball
3-0: Called Strike
3-1: Foul Ball, location: 2F
3-2: Fly out, F8 (Flyball, 8LM, EV 88.1 MPH)
Batting: RHB James Allingham 0-0: SINGLE (Groundball, 34D, EV 94.4 MPH)
Will White to third
Batting: RHB David Bosingwa 0-0: Fielders Choice at 2nd, 6-4 (Groundball, 56, EV 86.9 MPH)
Bottom of the 9th over - 0 runs, 2 hits, 0 errors, 2 left on base; Walla Walla 11 - Athletic Club KC 2
Friday, March 26th, 2021 - OOTP Baseball 20.8 Build 74